 Dungeon Crawl Stone Soup version 0.29.1-15-g9cfb28693d (webtiles) character file.

Game seed: 14425860261147662009

4 croobank the Caller (level 1, 0/7 HPs)
             Began as a Felid Summoner on Mar 4, 2023.
             Slain by a quokka (4 damage)
             ... on level 1 of the Dungeon.
             The game lasted 00:00:34 (148 turns).

croobank the Caller (Felid Summoner)                 Turns: 148, Time: 00:00:35

Health: 0/7        AC:  1    Str:  4    XL:     1   Next: 58%
Magic:  2/4        EV: 17    Int: 16    God:
Gold:   8          SH:  0    Dex: 16    Spells: 3/4 levels left
                                        Lives:  0   Deaths: 0

rFire   . . .      SeeInvis +   (weapon unavailable)
rCold   . . .      Faith    .   (shield unavailable)
rNeg    . . .      Spirit   .   (body armour unavailable)
rPois   .          Reflect  .   (helmet unavailable)
rElec   .          Harm     .   (cloak unavailable)
rCorr   .          Rampage  .   (gloves unavailable)
Will    .....                   (boots unavailable)
Stlth   ++........              (no amulet)
HPRegen 0.02/turn               (no ring)
MPRegen 0.09/turn               (no ring)

@: quick
A: very small, claws 1, fangs 3, see invisible, speed 1, shaggy fur 1, stealthy
paws, no weapons or thrown items, no armour, multi-lived
a: no special abilities


You were on level 1 of the Dungeon.
You visited 1 branch of the dungeon, and saw 1 of its levels.

You collected 8 gold pieces.

Inventory:

Scrolls
 b - a scroll of blinking {unknown}
 c - a scroll of teleportation {unknown}
Potions
 a - a potion of magic


   Skills:
 + Level 2.8 Dodging
 + Level 2.9 Stealth
 + Level 2.1 Spellcasting
 + Level 4.0 Summonings


You had 3 spell levels left.
You knew the following spells:

 Your Spells              Type           Power      Damage    Failure   Level
a - Summon Small Mammal   Summ           56%        N/A       3%          1

Your spell library contained the following spells:

 Spells                   Type           Power      Damage    Failure   Level
 Call Imp                 Summ           14%        N/A       6%          2
 Call Canine Familiar     Summ           14%        N/A       12%         3
 Summon Guardian Golem    Hex/Summ       8%         N/A       26%         3
 Summon Lightning Spire   Summ/Air       8%         N/A       65%         4


Dungeon Overview and Level Annotations

Branches:
Dungeon (1/15)

Altars:


Innate Abilities, Weirdness & Mutations

You have sharp claws.
You have razor-sharp teeth.
You have supernaturally acute eyesight. (SInv)
You cover ground quickly. (Speed+)
You are covered in fur. (AC +1)
Your paws help you pounce on unaware monsters.
You are incapable of wielding weapons or throwing items.
You cannot wear armour.
You gain extra lives every three experience levels.


Message History

Your quokka disappears in a puff of smoke!
You swap places.
A quokka and a goblin come into view.
What are your orders? t - Meow!
Orders for allies: a - Attack new target. r - Retreat! s - Stop attacking. g - Guard the area. f - Follow me.
Anything else - Cancel.
Gang up on whom?
Press: ? - help, Dir - move target, f - goblin
Aim: a goblin, wielding a +0 club (asleep) Attack!
Your bat disappears in a puff of smoke!
Casting: Summon Small Mammal (safe; 4% risk of failure)
Confirm with . or Enter, or press ? or * to list all spells.
The goblin barely misses your bat.
Your bat hits the goblin.
Casting: Summon Small Mammal (safe; 4% risk of failure)
Confirm with . or Enter, or press ? or * to list all spells.
Your bat hits the goblin. x2
Your bat hits the goblin.
The goblin dies!
Your bat misses the quokka.
Your bat hits the quokka but does no damage.
Your bat barely misses the quokka.
Your bat closely misses the quokka.
The quokka misses you.
Your bat hits the quokka but does no damage.
You barely miss the quokka.
Your bat hits the quokka but does no damage.
Your bat closely misses the quokka.
The quokka bites you.
Your bat misses the quokka.
You scratch the quokka but do no damage.
Your bite misses the quokka. Your bat hits the quokka. x2
The quokka barely misses you.
You scratch the quokka.
The quokka is almost dead.
Your bat hits the quokka but does no damage.
The quokka bites you.
Ouch! That really hurt!
You die...

.# ## #)## ###. ...
... ..... #... #.#
....
#....#########.#....
#...br........#..#
..#.##@###....#..#
#.#.+.......#
#.#.#.......#
#.#......####
#.#......#
###.##.....#
.#.##.#'###
........######
.....).......#


You could see a quokka (ally target) and a friendly bat (summoned).

Vanquished Creatures (collateral kills)
  A giant cockroach (D:1)
  2 goblins (D:1)
  A kobold (D:1)
4 creatures vanquished.

Notes
Turn   | Place    | Note
-------+----------+-------------------------------------------
     0 | D:1      | croobank the Felid Summoner began the quest for the Orb.
     0 | D:1      | Reached XP level 1. HP: 7/7 MP: 4/4
   148 | D:1      | Slain by a quokka

Illustrated notes

Levels and vault maps discovered:
D:1:      lemuel_arrival_funnel, layout_basic,
          ebering_ecumenical_altar_abandoned, minmay_misc_feat_five

Action                   || total
-------------------------++-------
Melee: Unarmed           ||     3
 Cast: Summon Small Mamm ||     8
Dodge: Dodged            ||     2
